[ AOE2 MATCH · #481122003 ]
Team RMLithuanians vs Teutons
[ REPLAY ANALYSIS · EXTRACTED FROM THE RECORDED GAME ]
Feudal
10:53
Castle
18:24
Imperial
—
| APM avg | 25.9 |
| APM peak | 42 |
| eAPM avg | 16.5 |
| Villagers / military | 72 / 5 |
Focus
⚔️ 11.5% · 🌾 88.5%
Mangonel ×3 · Monk ×1 · Battering Ram ×1
Feudal
11:16
Castle
21:16
Imperial
—
| APM avg | 27.4 |
| APM peak | 60 |
| eAPM avg | 14.5 |
| Villagers / military | 43 / 41 |
Focus
⚔️ 23.4% · 🌾 76.6%
Scout Cavalry ×13 · Camel Scout ×12 · Knight ×9 · Battering Ram ×7
Feudal
10:32
Castle
15:36
Imperial
—
| APM avg | 41.3 |
| APM peak | 91 |
| eAPM avg | 19.3 |
| Villagers / military | 56 / 63 |
Focus
⚔️ 27.5% · 🌾 72.5%
Militia ×33 · Spearman ×30
Feudal
12:15
Castle
16:14
Imperial
—
| APM avg | 28.4 |
| APM peak | 49 |
| eAPM avg | 16.2 |
| Villagers / military | 66 / 56 |
Focus
⚔️ 19.7% · 🌾 80.3%
Steppe Lancer ×34 · Camel Scout ×18 · Scout Cavalry ×4
Feudal
10:06
Castle
23:52
Imperial
—
| APM avg | 33.6 |
| APM peak | 91 |
| eAPM avg | 20.8 |
| Villagers / military | 74 / 0 |
Focus
⚔️ 28.2% · 🌾 71.8%
Feudal
11:03
Castle
14:43
Imperial
—
| APM avg | 35.8 |
| APM peak | 90 |
| eAPM avg | 17.3 |
| Villagers / military | 72 / 15 |
Focus
⚔️ 23.7% · 🌾 76.3%
Monk ×13 · Unknown (2550) ×3 · Mangonel ×2 · Unknown (2582) ×2
Match map
Initial resources + every placement click. Lines = walls · curves = elevation contours. ◆ gold · ⬟ stone · ● berries · ✦ relic · ◌ wall gap
Your base· ✓ Closed at 18:24 · 15t walls · 3 gate(s)
SkippyBonDingle's base· ✓ Closed at 21:16 · 3t walls · 3 gate(s)
LiquidGoat's base· ✓ Closed at 15:36 · 0t walls · 3 gate(s)
BOSTERO's base· ✓ Closed at 16:14 · 0t walls · 3 gate(s)
p1c0's base· ✓ Closed at 23:52 · 24t walls · 2 gate(s)
Anto's base· ✓ Closed at 14:43 · 0t walls · 2 gate(s)
Smoothed initial terrain · ◌ = detected wall gap · hover for details
Inputs per minute
— Popeye - - SkippyBonDingle
Build order — Popeye
First 150 of 156 actions detected
| 0:02 | Create | Villager (Male) |
| 0:02 | Create | Villager (Male) |
| 0:04 | Build | House |
| 0:05 | Build | House |
| 0:34 | Create | Villager (Male) |
| 0:34 | Create | Villager (Male) |
| 0:35 | Create | Villager (Male) |
| 0:36 | Create | Villager (Male) |
| 1:39 | Create | Villager (Male) |
| 1:39 | Create | Villager (Male) |
| 1:58 | Build | Lumber Camp |
| 2:05 | Create | Villager (Male) |
| 2:05 | Create | Villager (Male) |
| 2:44 | Create | Villager (Male) |
| 2:44 | Create | Villager (Male) |
| 3:07 | Create | Villager (Male) |
| 3:41 | Create | Villager (Male) |
| 4:05 | Create | Villager (Male) |
| 4:19 | Build | House |
| 5:03 | Create | Villager (Male) |
| 5:08 | Create | Villager (Male) |
| 5:26 | Build | House |
| 6:55 | Build | Mill |
| 7:03 | Create | Villager (Male) |
| 7:05 | Create | Villager (Male) |
| 7:30 | Create | Villager (Male) |
| 7:49 | Create | Villager (Male) |
| 8:08 | Build | Mining Camp |
| 8:13 | Research | Feudal Age |
| 8:44 | Create | Villager (Male) |
| 8:52 | Build | House |
| 10:53 | Age | Feudal Age |
| 11:01 | Build | Watch Tower |
| 11:13 | Create | Villager (Male) |
| 11:24 | Build | Mining Camp |
| 11:35 | Create | Villager (Male) |
| 11:37 | Research | Double-Bit Axe |
| 11:51 | Build | House |
| 11:56 | Build | Palisade Wall |
| 12:23 | Build | Palisade Wall |
| 12:31 | Build | Palisade Wall |
| 12:33 | Build | Palisade Wall |
| 12:37 | Create | Villager (Male) |
| 12:46 | Build | Palisade Gate |
| 13:06 | Create | Villager (Male) |
| 13:06 | Create | Villager (Male) |
| 13:08 | Create | Villager (Male) |
| 13:12 | Create | Villager (Male) |
| 13:22 | Build | Palisade Wall |
| 13:24 | Create | Villager (Male) |
| 13:30 | Create | Villager (Male) |
| 13:45 | Research | Loom |
| 13:52 | Create | Villager (Male) |
| 13:55 | Create | Villager (Male) |
| 14:00 | Build | Farm |
| 14:00 | Build | Farm |
| 14:01 | Build | Farm |
| 14:01 | Build | Farm |
| 14:02 | Build | Farm |
| 14:07 | Build | Market |
| 14:19 | Build | Watch Tower |
| 15:23 | Build | Blacksmith |
| 15:44 | Research | Castle Age |
| 16:45 | Build | Lumber Camp |
| 16:54 | Build | Watch Tower |
| 17:12 | Build | Farm |
| 17:56 | Create | Villager (Male) |
| 17:59 | Build | Farm |
| 18:24 | Age | Castle Age |
| 18:25 | Build | Siege Workshop |
| 18:44 | Create | Mangonel |
| 18:45 | Create | Mangonel |
| 19:12 | Create | Villager (Male) |
| 19:13 | Research | Wheelbarrow |
| 19:42 | Create | Mangonel |
| 20:05 | Create | Villager (Male) |
| 20:07 | Create | Villager (Male) |
| 20:20 | Research | Gold Mining |
| 20:21 | Create | Villager (Male) |
| 20:21 | Create | Villager (Male) |
| 20:43 | Create | Villager (Male) |
| 21:14 | Create | Villager (Male) |
| 21:14 | Create | Villager (Male) |
| 21:37 | Build | House |
| 21:44 | Create | Battering Ram |
| 23:22 | Build | Farm |
| 23:23 | Build | Farm |
| 23:23 | Build | Farm |
| 23:26 | Create | Villager (Male) |
| 23:43 | Build | Stone Wall |
| 23:50 | Create | Villager (Male) |
| 24:12 | Build | Town Center |
| 24:22 | Build | Stone Wall |
| 24:27 | Build | Stone Wall |
| 24:37 | Create | Villager (Male) |
| 24:42 | Build | House |
| 24:50 | Build | Farm |
| 25:02 | Create | Villager (Male) |
| 25:10 | Create | Villager (Male) |
| 25:16 | Build | Farm |
| 25:16 | Build | Farm |
| 25:17 | Build | Farm |
| 25:20 | Research | Horse Collar |
| 25:26 | Build | Mill |
| 25:27 | Build | Farm |
| 25:28 | Build | Farm |
| 25:28 | Build | Farm |
| 25:28 | Build | Farm |
| 25:29 | Build | Farm |
| 25:29 | Build | Farm |
| 25:33 | Build | Monastery |
| 25:43 | Build | House |
| 25:44 | Build | House |
| 25:54 | Create | Villager (Male) |
| 26:10 | Create | Villager (Male) |
| 26:31 | Create | Villager (Male) |
| 26:35 | Build | Town Center |
| 26:41 | Create | Monk |
| 26:47 | Create | Villager (Male) |
| 27:02 | Create | Villager (Male) |
| 27:04 | Build | Farm |
| 27:11 | Build | Farm |
| 27:19 | Create | Villager (Male) |
| 27:19 | Create | Villager (Male) |
| 27:21 | Create | Villager (Male) |
| 27:36 | Build | Barracks |
| 27:54 | Create | Villager (Male) |
| 27:57 | Create | Villager (Male) |
| 27:57 | Create | Villager (Male) |
| 27:57 | Create | Villager (Male) |
| 27:57 | Create | Villager (Male) |
| 28:08 | Research | Fervor |
| 28:09 | Create | Villager (Male) |
| 28:20 | Create | Villager (Male) |
| 28:26 | Create | Villager (Male) |
| 28:29 | Build | Farm |
| 28:31 | Create | Villager (Male) |
| 28:31 | Create | Villager (Male) |
| 28:34 | Build | House |
| 28:35 | Build | House |
| 28:36 | Build | House |
| 28:37 | Create | Villager (Male) |
| 28:39 | Build | House |
| 28:40 | Build | House |
| 28:55 | Research | Bow Saw |
| 28:57 | Research | Heavy Plow |
| 29:05 | Build | House |
| 29:16 | Create | Villager (Male) |
| 29:17 | Create | Villager (Male) |
| 29:33 | Create | Villager (Male) |
Build order — SkippyBonDingle
131 actions detected in the replay
| 0:03 | Build | House |
| 0:04 | Build | House |
| 0:05 | Create | Villager (Male) |
| 0:11 | Create | Villager (Male) |
| 0:16 | Create | Villager (Male) |
| 0:18 | Create | Villager (Male) |
| 1:34 | Create | Villager (Male) |
| 1:34 | Create | Villager (Male) |
| 1:35 | Create | Villager (Male) |
| 1:55 | Create | Villager (Male) |
| 2:09 | Create | Villager (Male) |
| 2:30 | Build | Lumber Camp |
| 2:42 | Create | Villager (Male) |
| 3:11 | Create | Villager (Male) |
| 3:35 | Build | House |
| 3:58 | Build | Mill |
| 4:06 | Create | Villager (Male) |
| 4:06 | Create | Villager (Male) |
| 4:52 | Create | Villager (Male) |
| 4:53 | Create | Villager (Male) |
| 4:59 | Create | Villager (Male) |
| 5:25 | Build | House |
| 5:28 | Create | Villager (Male) |
| 5:32 | Create | Villager (Male) |
| 6:14 | Create | Villager (Male) |
| 6:35 | Create | Villager (Male) |
| 6:53 | Create | Villager (Male) |
| 7:09 | Create | Villager (Male) |
| 7:42 | Create | Villager (Male) |
| 8:15 | Build | Mining Camp |
| 8:40 | Research | Loom |
| 8:40 | Research | Feudal Age |
| 9:11 | Build | House |
| 9:51 | Create | Villager (Male) |
| 9:52 | Create | Villager (Male) |
| 9:52 | Create | Villager (Male) |
| 9:53 | Create | Villager (Male) |
| 10:57 | Create | Villager (Male) |
| 11:16 | Age | Feudal Age |
| 11:22 | Build | Blacksmith |
| 11:25 | Research | Double-Bit Axe |
| 11:47 | Create | Villager (Male) |
| 11:47 | Create | Villager (Male) |
| 11:59 | Build | Siege Workshop |
| 12:05 | Build | Palisade Wall |
| 12:07 | Build | Palisade Wall |
| 12:08 | Build | Palisade Wall |
| 12:17 | Create | Villager (Male) |
| 12:33 | Build | House |
| 12:34 | Build | House |
| 12:53 | Create | Battering Ram |
| 13:08 | Build | Farm |
| 13:10 | Build | Farm |
| 13:13 | Create | Battering Ram |
| 13:16 | Build | Farm |
| 13:34 | Build | House |
| 13:44 | Build | Farm |
| 14:19 | Create | Battering Ram |
| 14:38 | Create | Battering Ram |
| 14:43 | Create | Villager (Male) |
| 14:47 | Create | Villager (Male) |
| 15:35 | Create | Battering Ram |
| 15:38 | Build | Farm |
| 15:38 | Build | Farm |
| 15:39 | Build | Farm |
| 15:39 | Build | Farm |
| 15:51 | Create | Villager (Male) |
| 16:09 | Create | Battering Ram |
| 16:17 | Create | Villager (Male) |
| 16:19 | Build | Farm |
| 16:34 | Create | Villager (Male) |
| 16:34 | Create | Villager (Male) |
| 17:49 | Create | Battering Ram |
| 18:32 | Create | Villager (Male) |
| 18:36 | Research | Castle Age |
| 18:43 | Build | Barracks |
| 19:02 | Build | Lumber Camp |
| 19:05 | Build | Mining Camp |
| 19:11 | Research | Gold Mining |
| 19:13 | Research | Horse Collar |
| 19:16 | Build | Farm |
| 19:19 | Build | Farm |
| 19:20 | Build | Farm |
| 19:49 | Build | Stable |
| 19:50 | Build | Stable |
| 20:08 | Build | Town Center |
| 20:13 | Create | Villager (Male) |
| 20:15 | Build | Farm |
| 20:52 | Research | Bloodlines |
| 20:56 | Research | Scale Barding Armor |
| 21:08 | Build | Stable |
| 21:16 | Age | Castle Age |
| 21:19 | Create | Knight |
| 21:27 | Research | Forging |
| 21:29 | Research | Heavy Plow |
| 21:37 | Create | Villager (Male) |
| 21:55 | Create | Camel Scout |
| 21:55 | Create | Camel Scout |
| 22:02 | Build | House |
| 22:03 | Build | House |
| 22:03 | Build | House |
| 22:03 | Build | House |
| 22:07 | Build | Farm |
| 22:10 | Create | Villager (Male) |
| 22:11 | Create | Villager (Male) |
| 22:45 | Create | Knight |
| 22:45 | Create | Knight |
| 22:52 | Build | Farm |
| 23:14 | Create | Knight ×2 |
| 23:15 | Create | Knight ×2 |
| 23:36 | Research | Town Watch |
| 23:38 | Build | Farm |
| 23:42 | Build | Farm |
| 23:44 | Build | Farm |
| 23:45 | Create | Villager (Male) |
| 23:47 | Build | House |
| 23:49 | Build | House |
| 23:49 | Build | House |
| 24:05 | Create | Knight |
| 24:05 | Create | Knight |
| 24:12 | Build | Farm |
| 24:14 | Build | Farm |
| 25:39 | Create | Camel Scout ×5 |
| 25:39 | Create | Camel Scout ×5 |
| 26:02 | Research | Wheelbarrow |
| 26:08 | Research | Light Cavalry (upgrade) |
| 26:09 | Create | Scout Cavalry ×2 |
| 27:52 | Create | Scout Cavalry ×5 |
| 27:53 | Create | Scout Cavalry ×5 |
| 28:49 | Research | Chain Barding Armor |
| 28:51 | Create | Scout Cavalry |
Build order — LiquidGoat
First 150 of 211 actions detected
| 0:03 | Create | Villager (Male) |
| 0:03 | Create | Villager (Male) |
| 0:03 | Create | Villager (Male) |
| 0:03 | Create | Villager (Male) |
| 0:04 | Create | Villager (Male) |
| 0:06 | Build | House |
| 0:09 | Build | House |
| 0:32 | Research | Loom |
| 1:38 | Create | Villager (Male) |
| 1:52 | Build | Lumber Camp |
| 2:06 | Create | Villager (Male) |
| 2:06 | Create | Villager (Male) |
| 2:43 | Create | Villager (Male) |
| 3:03 | Create | Villager (Male) |
| 3:11 | Build | House |
| 3:28 | Create | Villager (Male) |
| 3:41 | Create | Villager (Male) |
| 4:29 | Create | Villager (Male) |
| 4:29 | Create | Villager (Male) |
| 5:02 | Create | Villager (Male) |
| 5:03 | Create | Villager (Male) |
| 5:03 | Create | Villager (Male) |
| 5:09 | Create | Villager (Male) |
| 5:31 | Build | Mill |
| 6:16 | Create | Villager (Male) |
| 6:16 | Create | Villager (Male) |
| 6:16 | Create | Villager (Male) |
| 6:19 | Build | House |
| 6:35 | Create | Villager (Male) |
| 6:35 | Create | Villager (Male) |
| 6:35 | Create | Villager (Male) |
| 6:35 | Create | Villager (Male) |
| 7:14 | Create | Villager (Male) |
| 7:30 | Create | Villager (Male) |
| 7:53 | Create | Villager (Male) |
| 7:59 | Build | House |
| 8:08 | Research | Feudal Age |
| 8:23 | Build | Mining Camp |
| 8:45 | Create | Villager (Male) |
| 10:32 | Age | Feudal Age |
| 10:42 | Build | Blacksmith |
| 11:00 | Create | Villager (Male) |
| 11:05 | Create | Villager (Male) |
| 11:21 | Build | Barracks |
| 11:24 | Create | Villager (Male) |
| 12:01 | Build | House |
| 12:13 | Research | Man-at-Arms (upgrade) |
| 12:26 | Build | Market |
| 12:30 | Create | Villager (Male) |
| 12:56 | Research | Castle Age |
| 13:00 | Build | Farm |
| 13:02 | Build | Farm |
| 13:26 | Build | Farm |
| 13:29 | Build | Farm |
| 13:46 | Build | House |
| 13:47 | Create | Militia |
| 13:52 | Build | Farm |
| 13:55 | Build | Farm |
| 14:01 | Build | Farm |
| 14:12 | Build | House |
| 14:14 | Create | Militia |
| 14:24 | Create | Militia |
| 14:40 | Create | Spearman |
| 15:07 | Build | Mining Camp |
| 15:27 | Create | Militia |
| 15:36 | Age | Castle Age |
| 15:40 | Research | Long Swordsman (upgrade) |
| 16:00 | Create | Militia |
| 16:04 | Build | Outpost |
| 16:15 | Build | Lumber Camp |
| 16:25 | Research | Squires |
| 16:25 | Research | Squires |
| 16:30 | Build | Outpost |
| 16:40 | Create | Villager (Male) |
| 17:27 | Create | Militia |
| 17:28 | Create | Militia |
| 17:33 | Create | Spearman |
| 17:54 | Research | Scale Mail Armor |
| 18:04 | Build | Town Center |
| 18:07 | Create | Villager (Male) |
| 18:10 | Build | Farm |
| 18:16 | Research | Pikeman (upgrade) |
| 18:43 | Create | Villager (Male) |
| 18:46 | Build | Farm |
| 19:05 | Create | Villager (Male) |
| 19:18 | Build | Farm |
| 19:19 | Create | Villager (Male) |
| 19:31 | Create | Villager (Male) |
| 19:45 | Create | Spearman |
| 19:56 | Create | Villager (Male) |
| 20:01 | Build | Barracks |
| 20:17 | Create | Villager (Male) |
| 20:27 | Research | Horse Collar |
| 20:34 | Create | Spearman |
| 20:43 | Create | Spearman |
| 20:44 | Create | Spearman |
| 20:51 | Build | Farm |
| 21:07 | Build | House |
| 21:10 | Create | Spearman |
| 21:10 | Create | Spearman |
| 21:12 | Create | Villager (Male) |
| 21:12 | Create | Villager (Male) |
| 21:16 | Build | Farm |
| 21:53 | Create | Spearman |
| 21:53 | Create | Spearman |
| 21:56 | Build | House |
| 21:58 | Create | Villager (Male) |
| 21:58 | Create | Villager (Male) |
| 21:59 | Create | Villager (Male) |
| 22:01 | Build | Farm |
| 22:04 | Build | Farm |
| 22:13 | Create | Spearman |
| 22:13 | Create | Spearman |
| 22:19 | Build | Farm |
| 22:19 | Build | Farm |
| 22:27 | Build | Farm |
| 22:27 | Build | Farm |
| 22:30 | Build | House |
| 22:34 | Create | Villager (Male) |
| 22:35 | Create | Spearman |
| 22:35 | Create | Spearman |
| 22:39 | Create | Spearman |
| 22:40 | Create | Villager (Male) |
| 23:02 | Create | Spearman |
| 23:02 | Create | Spearman |
| 23:06 | Build | Farm |
| 23:07 | Build | Farm |
| 23:12 | Build | House |
| 23:15 | Create | Villager (Male) |
| 23:15 | Create | Villager (Male) |
| 23:52 | Research | Forging |
| 23:52 | Research | Forging |
| 23:54 | Build | House |
| 24:24 | Build | House |
| 24:33 | Build | Town Center |
| 24:54 | Build | House |
| 24:56 | Research | Wheelbarrow |
| 24:57 | Research | Double-Bit Axe |
| 25:07 | Research | Gold Mining |
| 25:15 | Create | Spearman |
| 25:15 | Create | Spearman |
| 25:16 | Create | Spearman |
| 25:22 | Create | Spearman |
| 25:42 | Build | House |
| 26:12 | Create | Spearman |
| 26:12 | Create | Spearman |
| 26:14 | Build | House |
| 26:16 | Create | Villager (Male) |
| 26:16 | Create | Villager (Male) |
| 26:17 | Create | Villager (Male) |
Build order — BOSTERO
First 150 of 158 actions detected
| 0:03 | Build | House |
| 0:04 | Build | House |
| 0:05 | Create | Villager (Male) |
| 0:05 | Create | Villager (Male) |
| 0:06 | Create | Villager (Male) |
| 0:06 | Create | Villager (Male) |
| 1:33 | Create | Villager (Male) |
| 1:58 | Build | Lumber Camp |
| 2:01 | Create | Villager (Male) |
| 2:02 | Create | Villager (Male) |
| 2:32 | Create | Villager (Male) |
| 2:32 | Create | Villager (Male) |
| 2:52 | Create | Villager (Male) |
| 2:53 | Create | Villager (Male) |
| 3:45 | Build | House |
| 3:46 | Build | House |
| 3:51 | Create | Villager (Male) |
| 3:52 | Create | Villager (Male) |
| 3:52 | Create | Villager (Male) |
| 4:20 | Build | Mill |
| 4:24 | Create | Villager (Male) |
| 4:24 | Create | Villager (Male) |
| 4:46 | Create | Villager (Male) |
| 4:47 | Create | Villager (Male) |
| 5:31 | Create | Villager (Male) |
| 6:01 | Build | Pasture |
| 6:50 | Build | Pasture |
| 7:10 | Create | Villager (Male) |
| 7:10 | Create | Villager (Male) |
| 7:11 | Create | Villager (Male) |
| 7:11 | Create | Villager (Male) |
| 7:12 | Create | Villager (Male) |
| 7:12 | Create | Villager (Male) |
| 7:30 | Create | Villager (Male) |
| 7:31 | Create | Villager (Male) |
| 8:43 | Create | Villager (Male) |
| 9:31 | Build | Mining Camp |
| 9:48 | Research | Feudal Age |
| 10:31 | Build | House |
| 11:30 | Create | Villager (Male) |
| 12:15 | Age | Feudal Age |
| 12:27 | Build | Market |
| 12:31 | Build | Blacksmith |
| 12:45 | Create | Villager (Male) |
| 13:34 | Research | Castle Age |
| 13:42 | Build | Barracks |
| 14:58 | Build | Stable |
| 15:01 | Build | Stable |
| 15:30 | Create | Villager (Male) |
| 15:30 | Create | Villager (Male) |
| 15:34 | Research | Scale Barding Armor |
| 15:37 | Create | Scout Cavalry |
| 15:37 | Create | Scout Cavalry |
| 15:38 | Create | Scout Cavalry |
| 15:39 | Create | Scout Cavalry |
| 16:14 | Age | Castle Age |
| 16:19 | Create | Steppe Lancer ×5 |
| 16:19 | Create | Steppe Lancer ×2 |
| 16:39 | Build | Pasture |
| 16:42 | Build | House |
| 17:06 | Create | Villager (Male) |
| 17:11 | Build | Pasture |
| 17:11 | Build | Pasture |
| 17:12 | Build | Pasture |
| 17:12 | Build | Pasture |
| 17:12 | Build | Pasture |
| 17:28 | Build | House |
| 17:55 | Create | Steppe Lancer |
| 17:55 | Create | Steppe Lancer |
| 18:14 | Create | Steppe Lancer |
| 18:14 | Create | Steppe Lancer |
| 19:01 | Create | Steppe Lancer ×2 |
| 19:02 | Create | Steppe Lancer ×2 |
| 19:05 | Build | Mining Camp |
| 19:30 | Create | Villager (Male) |
| 19:31 | Create | Villager (Male) |
| 19:31 | Create | Villager (Male) |
| 19:32 | Create | Villager (Male) |
| 19:48 | Build | Town Center |
| 20:00 | Create | Villager (Male) |
| 20:01 | Create | Villager (Male) |
| 20:01 | Create | Villager (Male) |
| 20:01 | Create | Villager (Male) |
| 20:02 | Create | Villager (Male) |
| 20:08 | Create | Steppe Lancer ×2 |
| 20:08 | Create | Steppe Lancer ×2 |
| 20:16 | Build | House |
| 20:18 | Build | House |
| 20:57 | Create | Villager (Male) |
| 20:58 | Create | Villager (Male) |
| 21:32 | Build | Pasture |
| 21:32 | Build | Pasture |
| 21:37 | Create | Villager (Male) |
| 21:42 | Create | Villager (Male) |
| 21:42 | Create | Villager (Male) |
| 22:09 | Build | Pasture |
| 22:11 | Create | Villager (Male) |
| 22:11 | Create | Villager (Male) |
| 22:14 | Build | Pasture |
| 22:14 | Build | Pasture |
| 22:28 | Build | Pasture |
| 22:45 | Build | House |
| 22:46 | Build | House |
| 22:55 | Build | Pasture |
| 23:39 | Build | Pasture |
| 23:44 | Create | Camel Scout ×5 |
| 23:44 | Create | Camel Scout ×5 |
| 23:51 | Build | House |
| 24:18 | Research | Chain Barding Armor |
| 24:23 | Build | House |
| 24:46 | Create | Villager (Male) |
| 24:46 | Create | Villager (Male) |
| 24:47 | Create | Villager (Male) |
| 24:47 | Create | Villager (Male) |
| 24:47 | Create | Villager (Male) |
| 25:25 | Create | Camel Scout ×2 |
| 25:25 | Create | Camel Scout ×2 |
| 25:33 | Build | Pasture |
| 25:46 | Build | Pasture |
| 25:47 | Build | Pasture |
| 25:54 | Create | Villager (Male) |
| 25:55 | Create | Villager (Male) |
| 25:55 | Create | Villager (Male) |
| 25:57 | Build | Pasture |
| 26:02 | Build | Pasture |
| 26:09 | Build | Town Center |
| 26:15 | Create | Camel Scout ×2 |
| 26:16 | Create | Camel Scout ×2 |
| 26:57 | Build | Pasture |
| 27:01 | Create | Villager (Male) |
| 27:01 | Create | Villager (Male) |
| 27:02 | Create | Villager (Male) |
| 27:02 | Create | Villager (Male) |
| 27:03 | Create | Villager (Male) |
| 27:10 | Research | Loom |
| 27:39 | Build | Pasture |
| 27:40 | Create | Villager (Male) |
| 27:41 | Create | Villager (Male) |
| 27:41 | Create | Villager (Male) |
| 28:54 | Build | Pasture |
| 28:58 | Build | Mill |
| 29:17 | Create | Steppe Lancer ×5 |
| 29:18 | Create | Steppe Lancer ×5 |
| 29:18 | Create | Steppe Lancer ×4 |
| 29:19 | Create | Steppe Lancer |
| 29:27 | Create | Villager (Male) |
| 29:31 | Build | Pasture |
| 29:32 | Build | Pasture |
| 29:32 | Build | Pasture |
| 29:32 | Build | Pasture |
Build order — p1c0
First 150 of 186 actions detected
| 0:00 | Create | Villager (Male) |
| 0:02 | Create | Villager (Male) |
| 0:03 | Create | Villager (Male) |
| 0:04 | Build | House |
| 0:05 | Build | House |
| 0:12 | Create | Villager (Male) |
| 0:12 | Create | Villager (Male) |
| 0:13 | Create | Villager (Male) |
| 1:19 | Create | Villager (Male) |
| 1:19 | Create | Villager (Male) |
| 2:06 | Create | Villager (Male) |
| 2:06 | Create | Villager (Male) |
| 2:06 | Create | Villager (Male) |
| 2:08 | Create | Villager (Male) |
| 2:21 | Build | Lumber Camp |
| 2:51 | Create | Villager (Male) |
| 2:51 | Create | Villager (Male) |
| 2:51 | Create | Villager (Male) |
| 2:52 | Create | Villager (Male) |
| 3:19 | Build | House |
| 3:20 | Build | House |
| 3:34 | Create | Villager (Male) |
| 3:35 | Create | Villager (Male) |
| 3:35 | Create | Villager (Male) |
| 3:35 | Create | Villager (Male) |
| 4:21 | Create | Villager (Male) |
| 4:22 | Create | Villager (Male) |
| 4:22 | Create | Villager (Male) |
| 4:22 | Create | Villager (Male) |
| 4:52 | Build | Mill |
| 5:12 | Create | Villager (Male) |
| 5:12 | Create | Villager (Male) |
| 5:46 | Create | Villager (Male) |
| 5:46 | Create | Villager (Male) |
| 5:47 | Create | Villager (Male) |
| 6:04 | Build | Mining Camp |
| 6:09 | Create | Villager (Male) |
| 6:09 | Create | Villager (Male) |
| 7:02 | Research | Loom |
| 7:53 | Research | Feudal Age |
| 8:57 | Create | Villager (Male) |
| 9:52 | Create | Villager (Male) |
| 10:06 | Age | Feudal Age |
| 10:10 | Build | House |
| 10:13 | Create | Villager (Male) |
| 10:14 | Research | Double-Bit Axe |
| 10:19 | Build | Blacksmith |
| 10:21 | Build | House |
| 10:56 | Research | Fletching |
| 11:01 | Build | Watch Tower |
| 11:22 | Create | Villager (Male) |
| 11:55 | Create | Villager (Male) |
| 12:17 | Build | House |
| 12:36 | Create | Villager (Male) |
| 12:36 | Create | Villager (Male) |
| 12:54 | Build | Watch Tower |
| 13:07 | Create | Villager (Male) |
| 13:10 | Build | Farm |
| 13:11 | Build | Farm |
| 13:12 | Build | Farm |
| 13:15 | Research | Horse Collar |
| 13:42 | Create | Villager (Male) |
| 14:04 | Create | Villager (Male) |
| 14:35 | Build | Watch Tower |
| 14:55 | Create | Villager (Male) |
| 14:56 | Create | Villager (Male) |
| 14:58 | Build | Farm |
| 15:00 | Build | Farm |
| 15:15 | Create | Villager (Male) |
| 15:18 | Build | Farm |
| 15:21 | Build | Farm |
| 15:22 | Build | Farm |
| 15:24 | Build | Farm |
| 15:46 | Research | Town Watch |
| 15:46 | Research | Wheelbarrow |
| 15:52 | Build | Mining Camp |
| 16:14 | Build | Watch Tower |
| 16:29 | Build | Stone Wall |
| 16:31 | Build | Stone Wall |
| 16:33 | Build | Stone Wall |
| 16:34 | Build | Stone Wall |
| 16:35 | Build | Stone Wall |
| 16:35 | Build | Stone Wall |
| 16:36 | Build | Stone Wall |
| 16:36 | Build | Stone Wall |
| 16:45 | Build | Watch Tower |
| 16:52 | Build | Farm |
| 16:55 | Build | Farm |
| 16:57 | Build | Farm |
| 16:58 | Create | Villager (Male) |
| 17:07 | Build | Watch Tower |
| 17:57 | Create | Villager (Male) |
| 18:02 | Build | Lumber Camp |
| 18:14 | Create | Villager (Male) |
| 18:17 | Build | House |
| 18:55 | Build | Stone Wall |
| 18:55 | Build | Stone Wall |
| 18:56 | Build | Stone Wall |
| 18:56 | Build | Stone Wall |
| 18:56 | Build | Stone Wall |
| 18:57 | Build | Stone Wall |
| 18:58 | Build | Stone Wall |
| 18:58 | Build | Stone Wall |
| 18:59 | Build | Stone Wall |
| 18:59 | Build | Stone Wall |
| 18:59 | Build | Stone Wall |
| 18:59 | Build | Stone Wall |
| 19:00 | Build | Stone Wall |
| 19:00 | Build | Stone Wall |
| 19:02 | Build | Stone Wall |
| 19:02 | Build | Stone Wall |
| 19:02 | Build | Stone Wall |
| 19:03 | Build | Stone Wall |
| 19:04 | Create | Villager (Male) |
| 19:04 | Create | Villager (Male) |
| 20:29 | Create | Villager (Male) |
| 20:31 | Build | Market |
| 21:12 | Research | Castle Age |
| 21:48 | Build | Stone Wall |
| 21:50 | Build | Stone Wall |
| 22:11 | Build | Mill |
| 22:11 | Build | Farm |
| 22:12 | Build | Farm |
| 22:12 | Build | Farm |
| 22:12 | Build | Farm |
| 22:13 | Build | Farm |
| 22:13 | Build | Farm |
| 22:13 | Build | Farm |
| 22:14 | Build | Farm |
| 22:18 | Research | Gold Mining |
| 22:19 | Research | Stone Mining |
| 22:51 | Build | House |
| 22:53 | Build | House |
| 23:52 | Age | Castle Age |
| 23:56 | Build | Castle |
| 24:00 | Create | Villager (Male) |
| 24:01 | Create | Villager (Male) |
| 24:05 | Research | Bow Saw |
| 24:12 | Research | Bodkin Arrow |
| 24:54 | Research | Hand Cart |
| 25:32 | Build | Lumber Camp |
| 25:37 | Create | Villager (Male) |
| 25:57 | Create | Villager (Male) |
| 26:32 | Create | Villager (Male) |
| 26:43 | Create | Villager (Male) |
| 26:57 | Build | Town Center |
| 27:09 | Create | Villager (Male) |
| 27:40 | Research | Heavy Plow |
| 27:41 | Research | Stone Shaft Mining |
| 27:42 | Create | Villager (Male) |
Build order — Anto
136 actions detected in the replay
| 0:03 | Build | House |
| 0:04 | Build | House |
| 0:08 | Create | Villager (Male) |
| 0:08 | Create | Villager (Male) |
| 0:08 | Create | Villager (Male) |
| 0:08 | Create | Villager (Male) |
| 1:04 | Create | Villager (Male) |
| 1:05 | Create | Villager (Male) |
| 1:05 | Create | Villager (Male) |
| 1:35 | Create | Villager (Male) |
| 1:36 | Create | Villager (Male) |
| 1:36 | Create | Villager (Male) |
| 2:05 | Create | Villager (Male) |
| 2:05 | Create | Villager (Male) |
| 2:05 | Create | Villager (Male) |
| 2:26 | Create | Villager (Male) |
| 2:46 | Create | Villager (Male) |
| 3:26 | Create | Villager (Male) |
| 3:26 | Create | Villager (Male) |
| 3:26 | Create | Villager (Male) |
| 3:26 | Create | Villager (Male) |
| 3:26 | Create | Villager (Male) |
| 3:56 | Build | House |
| 4:13 | Create | Villager (Male) |
| 4:13 | Create | Villager (Male) |
| 4:28 | Build | House |
| 4:51 | Create | Villager (Male) |
| 4:51 | Create | Villager (Male) |
| 5:32 | Create | Villager (Male) |
| 5:32 | Create | Villager (Male) |
| 5:32 | Create | Villager (Male) |
| 5:32 | Create | Villager (Male) |
| 5:32 | Create | Villager (Male) |
| 5:47 | Build | Settlement |
| 6:05 | Create | Villager (Male) |
| 6:05 | Create | Villager (Male) |
| 7:06 | Build | Settlement |
| 7:51 | Create | Villager (Male) |
| 8:27 | Build | Settlement |
| 8:35 | Research | Feudal Age |
| 10:16 | Create | Villager (Male) |
| 10:16 | Create | Villager (Male) |
| 11:03 | Age | Feudal Age |
| 11:09 | Build | Market |
| 11:19 | Build | Blacksmith |
| 12:03 | Research | Castle Age |
| 12:03 | Research | Castle Age |
| 12:40 | Research | Double-Bit Axe |
| 12:48 | Research | Horse Collar |
| 12:56 | Build | Farm |
| 12:57 | Build | Farm |
| 13:01 | Build | Farm |
| 14:43 | Age | Castle Age |
| 14:51 | Build | Siege Workshop |
| 14:53 | Create | Villager (Male) |
| 14:54 | Create | Villager (Male) |
| 14:54 | Create | Villager (Male) |
| 14:55 | Build | Barracks |
| 14:58 | Research | Loom |
| 15:17 | Build | House |
| 15:24 | Create | Mangonel |
| 15:24 | Create | Mangonel |
| 15:34 | Build | House |
| 15:37 | Build | House |
| 15:46 | Research | Forging |
| 15:53 | Create | Unit 2550 |
| 15:53 | Create | Unit 2550 |
| 15:54 | Create | Unit 2550 |
| 16:26 | Create | Villager (Male) |
| 16:26 | Create | Villager (Male) |
| 16:44 | Build | Monastery |
| 16:53 | Build | House |
| 16:55 | Build | House |
| 18:34 | Create | Monk |
| 18:34 | Create | Monk |
| 18:48 | Build | Town Center |
| 19:17 | Build | Farm |
| 19:40 | Create | Villager (Male) |
| 19:40 | Create | Villager (Male) |
| 19:41 | Create | Villager (Male) |
| 19:41 | Create | Villager (Male) |
| 19:41 | Create | Villager (Male) |
| 19:41 | Create | Villager (Male) |
| 19:41 | Create | Villager (Male) |
| 19:41 | Create | Villager (Male) |
| 20:18 | Build | Farm |
| 20:19 | Build | Farm |
| 20:38 | Build | Farm |
| 20:53 | Create | Villager (Male) |
| 20:53 | Create | Villager (Male) |
| 20:53 | Create | Villager (Male) |
| 21:02 | Build | Farm |
| 21:16 | Create | Villager (Male) |
| 21:16 | Create | Villager (Male) |
| 21:29 | Build | Gate |
| 21:43 | Create | Villager (Male) |
| 21:43 | Create | Villager (Male) |
| 21:43 | Create | Villager (Male) |
| 22:05 | Build | Farm |
| 22:14 | Create | Villager (Male) |
| 22:14 | Create | Villager (Male) |
| 22:14 | Create | Villager (Male) |
| 22:14 | Create | Villager (Male) |
| 22:17 | Build | Farm |
| 22:38 | Create | Villager (Male) |
| 22:38 | Create | Villager (Male) |
| 22:38 | Create | Villager (Male) |
| 22:40 | Build | Farm |
| 22:55 | Create | Villager (Male) |
| 22:55 | Create | Villager (Male) |
| 22:55 | Create | Villager (Male) |
| 22:59 | Create | Villager (Male) |
| 23:03 | Build | Town Center |
| 23:17 | Create | Villager (Male) |
| 23:17 | Create | Villager (Male) |
| 23:25 | Create | Monk |
| 23:25 | Create | Monk |
| 23:45 | Build | Market |
| 24:38 | Build | Palisade Wall |
| 25:33 | Create | Unit 2582 |
| 25:33 | Create | Unit 2582 |
| 25:47 | Create | Monk |
| 25:47 | Create | Monk |
| 26:18 | Build | Farm |
| 26:20 | Build | Farm |
| 27:11 | Create | Monk |
| 28:19 | Create | Monk |
| 28:20 | Create | Monk |
| 28:20 | Create | Villager (Male) |
| 28:21 | Create | Villager (Male) |
| 28:21 | Create | Villager (Male) |
| 28:21 | Create | Villager (Male) |
| 28:42 | Create | Monk |
| 28:42 | Create | Monk |
| 29:36 | Create | Monk |
| 29:36 | Create | Monk |
Match timeline
| 10:06 | p1c0 · age_up feudal |
| 10:32 | LiquidGoat · age_up feudal |
| 10:53 | Popeye · age_up feudal |
| 11:03 | Anto · age_up feudal |
| 11:16 | SkippyBonDingle · age_up feudal |
| 11:21 | LiquidGoat · first_building Barracks |
| 11:56 | Popeye · wall_segment Palisade Wall x1 |
| 11:59 | SkippyBonDingle · first_building Siege Workshop |
| 12:05 | SkippyBonDingle · wall_segment Palisade Wall x1 |
| 12:07 | SkippyBonDingle · wall_segment Palisade Wall x1 |
| 12:08 | SkippyBonDingle · wall_segment Palisade Wall x1 |
| 12:15 | BOSTERO · age_up feudal |
| 12:23 | Popeye · wall_segment Palisade Wall x1 |
| 12:31 | Popeye · wall_segment Palisade Wall x5 |
| 12:33 | Popeye · wall_segment Palisade Wall x6 |
| 13:22 | Popeye · wall_segment Palisade Wall x4 |
| 13:42 | BOSTERO · first_building Barracks |
| 14:43 | Anto · age_up castle |
| 14:51 | Anto · first_building Siege Workshop |
| 14:55 | Anto · first_building Barracks |
| 14:58 | BOSTERO · first_building Stable |
| 15:36 | LiquidGoat · age_up castle |
| 16:14 | BOSTERO · age_up castle |
| 16:29 | p1c0 · wall_segment Stone Wall x1 |
| 16:31 | p1c0 · wall_segment Stone Wall x1 |
| 16:33 | p1c0 · wall_segment Stone Wall x1 |
| 16:33 | BOSTERO · first_market_sell 100 wood |
| 16:34 | p1c0 · wall_segment Stone Wall x1 |
| 16:35 | p1c0 · wall_segment Stone Wall x1 |
| 16:35 | p1c0 · wall_segment Stone Wall x1 |
| 16:36 | p1c0 · wall_segment Stone Wall x2 |
| 16:36 | p1c0 · wall_segment Stone Wall x1 |
| 16:44 | Anto · first_building Monastery |
| 18:15 | LiquidGoat · first_market_buy 100 food |
| 18:24 | Popeye · age_up castle |
| 18:25 | Popeye · first_building Siege Workshop |
| 18:43 | SkippyBonDingle · first_building Barracks |
| 18:55 | p1c0 · wall_segment Stone Wall x1 |
| 18:55 | p1c0 · wall_segment Stone Wall x1 |
| 18:56 | p1c0 · wall_segment Stone Wall x1 |
| 18:56 | p1c0 · wall_segment Stone Wall x1 |
| 18:56 | p1c0 · wall_segment Stone Wall x1 |
| 18:57 | p1c0 · wall_segment Stone Wall x1 |
| 18:58 | p1c0 · wall_segment Stone Wall x1 |
| 18:58 | p1c0 · wall_segment Stone Wall x1 |
| 18:59 | p1c0 · wall_segment Stone Wall x2 |
| 18:59 | p1c0 · wall_segment Stone Wall x1 |
| 18:59 | p1c0 · wall_segment Stone Wall x2 |
| 18:59 | p1c0 · wall_segment Stone Wall x2 |
| 19:00 | p1c0 · wall_segment Stone Wall x1 |
| 19:00 | p1c0 · wall_segment Stone Wall x1 |
| 19:02 | p1c0 · wall_segment Stone Wall x1 |
| 19:02 | p1c0 · wall_segment Stone Wall x2 |
| 19:02 | p1c0 · wall_segment Stone Wall x2 |
| 19:03 | p1c0 · wall_segment Stone Wall x2 |
| 19:42 | BOSTERO · first_market_buy 500 food |
| 19:49 | SkippyBonDingle · first_building Stable |
| 21:16 | SkippyBonDingle · age_up castle |
| 21:48 | p1c0 · wall_segment Stone Wall x1 |
| 21:50 | p1c0 · wall_segment Stone Wall x1 |
| 23:30 | p1c0 · first_market_sell 100 food |
| 23:33 | p1c0 · first_market_buy 100 stone |
| 23:43 | Popeye · wall_segment Stone Wall x1 |
| 23:52 | p1c0 · age_up castle |
| 23:56 | p1c0 · first_building Castle |
| 24:10 | Popeye · first_market_buy 100 stone |
| 24:22 | Popeye · wall_segment Stone Wall x1 |
| 24:27 | Popeye · wall_segment Stone Wall x1 |
| 24:38 | Anto · wall_segment Palisade Wall x1 |
| 25:33 | Popeye · first_building Monastery |
| 25:45 | Anto · first_market_sell 100 wood |
| 27:36 | Popeye · first_building Barracks |
| 29:44 | Popeye · first_building Stable |
| 29:52 | Anto · resign |
[ AI ANALYSIS · 1 CREDIT ]
What really happened in this match?
Wolo.gg analyzes every decision: build order, eco, micro, common mistakes by bracket. Personalized analysis on WhatsApp or Discord in 30 seconds.
Civ guide
Lithuanians
Map guide
Arena
Perfil
Jugador #4618486